PR
MONTGOMERY BISCUITS @ TULSA OTTERS
05/30/2041
 
TOP OF THE 1ST
Montgomery Biscuits batting - Pitching for Tulsa Otters : LHP Bob Burke
Pitching: LHP Bob Burke
Batting: RHB Anthony Roosemont 0-0: Fly out, F8 (Line Drive, 8RM, EV 110.0 MPH)
Batting: RHB Tadasu Sato 0-0: Called Strike
0-1: SINGLE (Line Drive, 7S, EV 85.6 MPH)
Batting: RHB Ricardo Ojíto 0-0: Ball
1-0: Fly out, F9 (Flyball, 89S, EV 86.9 MPH)
Batting: RHB Darrell MacGregor 0-0: Called Strike
0-1: Ball
1-1: Ball
2-1: Swinging Strike
2-2: Ground out 4-3 (Groundball, 34, EV 83.8 MPH)
Top of the 1st over - 0 runs, 1 hit, 0 errors, 1 left on base; Montgomery 0 - Tulsa 0
BOTTOM OF THE 1ST
Tulsa Otters batting - Pitching for Montgomery Biscuits : RHP Albert Zalazar
Pitching: RHP Albert Zalazar
Batting: RHB Chad Brown 0-0: Ball
1-0: Ground out 1-3 (Groundball, 34S, EV 89.4 MPH)
Batting: RHB Guillermo Dettori 0-0: Called Strike
0-1: Ball
1-1: Called Strike
1-2: Foul Ball, location: 2F
1-2: Strikes out looking
Batting: RHB Jeff Weber 0-0: Called Strike
0-1: Ball
1-1: Foul Ball, location: 2F
1-2: Strikes out swinging
Bottom of the 1st over - 0 runs, 0 hits, 0 errors, 0 left on base; Montgomery 0 - Tulsa 0
TOP OF THE 2ND
Montgomery Biscuits batting - Pitching for Tulsa Otters : LHP Bob Burke
Batting: RHB Yoshitora Nakayama 0-0: Swinging Strike
0-1: Ball
1-1: Ball
2-1: SINGLE (Flyball, 8RS, EV 94.4 MPH)
Batting: RHB Charles Stevenson 0-0: Fly out, F8 (Flyball, 8RS, EV 90.6 MPH)
Batting: SHB Ernesto Sacasas 0-0: Foul Ball, location: 2F
0-1: SINGLE (Groundball, 6D, EV 96.9 MPH)
Yoshitora Nakayama to second
Batting: RHB Dave Dickey 0-0: Fly out, F9 (Flyball, 9S, EV 93.8 MPH)
Batting: RHB António Hernández 0-0: Called Strike
0-1: Called Strike
0-2: Ground out 4-3 (Groundball, 4, EV 83.8 MPH)
Top of the 2nd over - 0 runs, 2 hits, 0 errors, 2 left on base; Montgomery 0 - Tulsa 0
BOTTOM OF THE 2ND
Tulsa Otters batting - Pitching for Montgomery Biscuits : RHP Albert Zalazar
Batting: LHB Cisco Gracía 0-0: Ground out 4-3 (Groundball, 4, EV 105.6 MPH)
Batting: LHB Andrew O'Reilly 0-0: Fly out, F8 (Flyball, 8RXD, EV 93.1 MPH)
Batting: RHB Cédric Dumas 0-0: Foul Ball, location: 2F
0-1: Ground out 5-3 (Groundball, 56S, EV 91.9 MPH)
Bottom of the 2nd over - 0 runs, 0 hits, 0 errors, 0 left on base; Montgomery 0 - Tulsa 0
TOP OF THE 3RD
Montgomery Biscuits batting - Pitching for Tulsa Otters : LHP Bob Burke
Batting: RHB Anthony Roosemont 0-0: Foul Ball, location: 2F
0-1: Ball
1-1: Swinging Strike
1-2: Hit by Pitch
Batting: RHB Tadasu Sato 0-0: Ball
Anthony Roosemont steals 2nd base
1-0: Called Strike
1-1: Foul Ball, location: 2F
1-2: Ball
2-2: Foul Ball, location: 2F
2-2: Strikes out swinging
Batting: RHB Ricardo Ojíto 0-0: Ball
1-0: DOUBLE (Flyball, 8RXD, EV 95.6 MPH)
Anthony Roosemont scores
Batting: RHB Darrell MacGregor 0-0: Called Strike
0-1: Ball
1-1: Ball
2-1: Called Strike
2-2: Ball
3-2: Strikes out looking
Batting: RHB Yoshitora Nakayama 0-0: Ground out 4-3 (Groundball, 4M, EV 100.0 MPH)
Top of the 3rd over - 1 run, 1 hit, 0 errors, 1 left on base; Montgomery 1 - Tulsa 0
BOTTOM OF THE 3RD
Tulsa Otters batting - Pitching for Montgomery Biscuits : RHP Albert Zalazar
Batting: LHB Andrew Gray 0-0: Called Strike
0-1: Ball
1-1: Foul Ball, location: 2F
1-2: Fly out, F9 (Line Drive, 9, EV 93.1 MPH)
Batting: LHB Mike Reynolds 0-0: Foul Ball, location: 2F
0-1: Foul Ball, location: 2F
0-2: Strikes out swinging
Batting: RHB Millard King 0-0: Ball
1-0: Fly out, F9 (Flyball, 9LS, EV 82.5 MPH)
Bottom of the 3rd over - 0 runs, 0 hits, 0 errors, 0 left on base; Montgomery 1 - Tulsa 0
TOP OF THE 4TH
Montgomery Biscuits batting - Pitching for Tulsa Otters : LHP Bob Burke
Batting: RHB Charles Stevenson 0-0: Foul Ball, location: 2F
0-1: Foul Ball, location: 2F
0-2: Ball
1-2: Ball
2-2: Strikes out swinging
Batting: SHB Ernesto Sacasas 0-0: Called Strike
0-1: SINGLE (Groundball, 56D, EV 98.1 MPH)
Batting: RHB Dave Dickey 0-0: Called Strike
0-1: Ball
1-1: Ball
2-1: Ball
3-1: Fielders Choice at 2nd, 6-4 (Groundball, 6, EV 82.5 MPH)
Batting: RHB António Hernández 0-0: Ball
1-0: Called Strike
1-1: SINGLE (Line Drive, 6D, EV 96.9 MPH)
Dave Dickey to second
Batting: RHB Anthony Roosemont 0-0: Ball
1-0: Fly out, F6 (Popup, 6M, EV 56.9 MPH)
Top of the 4th over - 0 runs, 2 hits, 0 errors, 2 left on base; Montgomery 1 - Tulsa 0
BOTTOM OF THE 4TH
Tulsa Otters batting - Pitching for Montgomery Biscuits : RHP Albert Zalazar
Batting: RHB Chad Brown 0-0: Ball
1-0: Fly out, F7 (Flyball, 7S, EV 88.1 MPH)
Batting: RHB Guillermo Dettori 0-0: Ball
1-0: Fly out, F9 (Flyball, 9LM, EV 78.1 MPH)
Batting: RHB Jeff Weber 0-0: Ball
1-0: Foul Ball, location: 2F
1-1: Swinging Strike
1-2: Foul Ball, location: 2F
1-2: Foul Ball, location: 2F
1-2: Foul Ball, location: 2F
1-2: Ground out 5-3 (Groundball, 56S, EV 61.9 MPH)
Bottom of the 4th over - 0 runs, 0 hits, 0 errors, 0 left on base; Montgomery 1 - Tulsa 0
TOP OF THE 5TH
Montgomery Biscuits batting - Pitching for Tulsa Otters : LHP Bob Burke
Batting: RHB Tadasu Sato 0-0: SINGLE (Groundball, 4MD, EV 108.8 MPH)
Batting: RHB Ricardo Ojíto 0-0: Foul Ball, location: 2F
0-1: Ball
1-1: Fly out, F8 (Flyball, 8LS, EV 89.4 MPH)
Batting: RHB Darrell MacGregor 0-0: Foul Ball, location: 2F
0-1: Fly out, F8 (Line Drive, 8RD, EV 106.9 MPH)
Batting: RHB Yoshitora Nakayama 0-0: Foul Ball, location: 2F
0-1: Called Strike
0-2: SINGLE (Line Drive, 7S, EV 88.1 MPH)
Tadasu Sato to second
Batting: RHB Charles Stevenson 0-0: Ground out 3-1 (Groundball, 34, EV 98.1 MPH)
Top of the 5th over - 0 runs, 2 hits, 0 errors, 2 left on base; Montgomery 1 - Tulsa 0
BOTTOM OF THE 5TH
Tulsa Otters batting - Pitching for Montgomery Biscuits : RHP Albert Zalazar
Batting: LHB Cisco Gracía 0-0: Called Strike
0-1: Ball
1-1: Foul Ball, location: 2F
1-2: Fly out, F9 (Flyball, 9LSF, EV 91.9 MPH)
Batting: LHB Andrew O'Reilly 0-0: Foul Ball, location: 2F
0-1: Called Strike
0-2: Ball
1-2: Ball
2-2: Ball
3-2: Reached on error, E4 (Groundball, 4, EV 100.0 MPH)
Batting: RHB Cédric Dumas 0-0: Ball
1-0: Ground out 4-3 (Groundball, 4S, EV 86.2 MPH)
Andrew O'Reilly to second
Batting: LHB Andrew Gray 0-0: Foul Ball, location: 2F
0-1: Ball
1-1: Foul Ball, location: 2F
1-2: Foul Ball, location: 2F
1-2: Strikes out looking
Bottom of the 5th over - 0 runs, 0 hits, 1 error, 1 left on base; Montgomery 1 - Tulsa 0
TOP OF THE 6TH
Montgomery Biscuits batting - Pitching for Tulsa Otters : LHP Bob Burke
Batting: SHB Ernesto Sacasas 0-0: Swinging Strike
0-1: Ball
1-1: Ball
2-1: Foul Ball, location: 2F
2-2: Ball
3-2: Foul Ball, location: 2F
3-2: Foul Ball, location: 2F
3-2: DOUBLE (Line Drive, 89D, EV 107.5 MPH) - OUT at third base trying to stretch hit.
Batting: RHB Dave Dickey 0-0: Ball
1-0: Fly out, F8 (Flyball, 8RD, EV 99.4 MPH)
Batting: RHB António Hernández 0-0: Reached on error, E2 (Groundball, 2L, EV 43.8 MPH)
Batting: RHB Anthony Roosemont 0-0: Ball
1-0: Called Strike
1-1: Fly out, F9 (Flyball, 89M, EV 93.8 MPH)
Top of the 6th over - 0 runs, 1 hit, 1 error, 1 left on base; Montgomery 1 - Tulsa 0
BOTTOM OF THE 6TH
Tulsa Otters batting - Pitching for Montgomery Biscuits : RHP Albert Zalazar
Batting: LHB Mike Reynolds 0-0: Fly out, F9 (Flyball, 9LD, EV 95.0 MPH)
Batting: RHB Millard King 0-0: Called Strike
0-1: Swinging Strike
0-2: Fly out, F8 (Line Drive, 8LM, EV 96.2 MPH)
Batting: RHB Chad Brown 0-0: Ball
1-0: Ball
2-0: Foul Ball, location: 2F
2-1: Ball
3-1: SINGLE (Line Drive, 89S, EV 92.5 MPH)
Batting: RHB Guillermo Dettori 0-0: Ball
1-0: Foul Ball, location: 2F
1-1: Swinging Strike
1-2: Fly out, F3 (Popup, 34S, EV 88.8 MPH)
Bottom of the 6th over - 0 runs, 1 hit, 0 errors, 1 left on base; Montgomery 1 - Tulsa 0
TOP OF THE 7TH
Montgomery Biscuits batting - Pitching for Tulsa Otters : LHP Bob Burke
Batting: RHB Tadasu Sato 0-0: Ball
1-0: Ball
2-0: DOUBLE (Flyball, 89XD, EV 100.0 MPH)
Batting: RHB Ricardo Ojíto 0-0: Ball
1-0: Ball
2-0: Ball
3-0: Called Strike
3-1: Foul Ball, location: 2F
3-2: Fly out, F8 (Line Drive, 8RM, EV 100.0 MPH)
Batting: RHB Darrell MacGregor 0-0: Swinging Strike
0-1: Called Strike
0-2: Strikes out looking
Batting: RHB Yoshitora Nakayama 0-0: Called Strike
0-1: Fly out, F8 (Flyball, 8RD, EV 91.2 MPH)
Top of the 7th over - 0 runs, 1 hit, 0 errors, 1 left on base; Montgomery 1 - Tulsa 0
BOTTOM OF THE 7TH
Tulsa Otters batting - Pitching for Montgomery Biscuits : RHP Albert Zalazar
Batting: RHB Jeff Weber 0-0: Foul Ball, location: 2F
0-1: Foul Ball, location: 2F
0-2: Strikes out looking
Batting: LHB Cisco Gracía 0-0: Ball
1-0: Ball
2-0: Foul Ball, location: 2F
2-1: Swinging Strike
2-2: Ball
3-2: Strikes out swinging
Batting: LHB Andrew O'Reilly 0-0: Called Strike
0-1: Fly out, F9 (Flyball, 9, EV 81.9 MPH)
Bottom of the 7th over - 0 runs, 0 hits, 0 errors, 0 left on base; Montgomery 1 - Tulsa 0
TOP OF THE 8TH
Montgomery Biscuits batting - Pitching for Tulsa Otters : LHP Bob Burke
Batting: RHB Charles Stevenson 0-0: Fly out, F9 (Line Drive, 9, EV 96.9 MPH)
Batting: SHB Ernesto Sacasas 0-0: SINGLE (Groundball, 6MD, EV 103.1 MPH)
Pitching: RHP Mario Rosales
Batting: RHB Dave Dickey 0-0: Ground out U3 (Groundball, 34S, EV 91.2 MPH)
Ernesto Sacasas to second
Batting: RHB António Hernández 0-0: Ball
1-0: Ground out 6-3 (Groundball, 6, EV 97.5 MPH)
Top of the 8th over - 0 runs, 1 hit, 0 errors, 1 left on base; Montgomery 1 - Tulsa 0
BOTTOM OF THE 8TH
Tulsa Otters batting - Pitching for Montgomery Biscuits : RHP Albert Zalazar
Batting: RHB Cédric Dumas 0-0: Ground out 5-3 (Groundball, 5, EV 85.0 MPH)
Batting: LHB Andrew Gray 0-0: Ground out 4-3 (Groundball, 4S, EV 81.9 MPH)
Batting: LHB Mike Reynolds 0-0: Ground out 4-3 (Groundball, 4, EV 105.0 MPH)
Bottom of the 8th over - 0 runs, 0 hits, 0 errors, 0 left on base; Montgomery 1 - Tulsa 0
TOP OF THE 9TH
Montgomery Biscuits batting - Pitching for Tulsa Otters : RHP Mario Rosales
Batting: RHB Anthony Roosemont 0-0: Called Strike
0-1: Called Strike
0-2: Ball
1-2: Fly out, F3 (Popup, 3F, EV 70.6 MPH)
Batting: RHB Tadasu Sato 0-0: Called Strike
0-1: Called Strike
0-2: Ground out 1-3 (Groundball, 15, EV 92.5 MPH)
Batting: RHB Ricardo Ojíto 0-0: Ball
1-0: Ground out 5-3 (Groundball, 5, EV 102.5 MPH)
Top of the 9th over - 0 runs, 0 hits, 0 errors, 0 left on base; Montgomery 1 - Tulsa 0
BOTTOM OF THE 9TH
Tulsa Otters batting - Pitching for Montgomery Biscuits : RHP Albert Zalazar
Pitching: LHP Stu Sutherland
Now at 1B: Stanislov Navashin
Pinch Hitting: RHB Jason Pruitt 0-0: Ground out 2-3 (Groundball, 15S, EV 65.0 MPH)
Batting: RHB Chad Brown 0-0: Ball
1-0: Called Strike
1-1: Called Strike
1-2: Strikes out looking
Batting: RHB Guillermo Dettori 0-0: Called Strike
0-1: Ball
1-1: Foul Ball, location: 2F
1-2: Strikes out swinging
Bottom of the 9th over - 0 runs, 0 hits, 0 errors, 0 left on base; Montgomery 1 - Tulsa 0
Tuesday, January 5th, 2021 - OOTP Baseball 20.8 Build 74